 Dungeon Crawl Stone Soup version 0.28.0-53-g5a82cb258f (webtiles) character file.

Game seed: 957775140139898860

659 MiltankisOP the Skirmisher (level 7, 0/39 HPs)
             Began as a Vine Stalker Fighter on July 12, 2022.
             Succumbed to a scorpion's poison
             ... on level 5 of the Dungeon.
             The game lasted 00:05:13 (3386 turns).

MiltankisOP the Skirmisher (Vine Stalker Fighter)   Turns: 3386, Time: 00:05:13

Health: 0/39       AC:  6    Str: 18    XL:     7   Next: 55%
Magic:  4/8        EV:  9    Int:  8    God:
Gold:   139        SH:  5    Dex: 16    Spells: 6/6 levels left

rFire   . . .      SeeInvis .   a - +0 rapier
rCold   . . .      Faith    .   c - +0 buckler
rNeg    . . .      Spirit   +   b - +0 scale mail
rPois   .          Reflect  .   (no helmet)
rElec   .          Harm     .   (no cloak)
rCorr   .          Rampage  .   (no gloves)
Will    .....                   (no boots)
Stlth   ..........              (no amulet)
HPRegen 0.93/turn               (no ring)
MPRegen 0.11/turn               (no ring)

@: lethally poisoned (0 -> -4)
A: fangs 2, regeneration 1, magic shield, antimagic bite, no potion heal 2
a: no special abilities


You were on level 5 of the Dungeon.
You visited 1 branch of the dungeon, and saw 5 of its levels.

You collected 139 gold pieces.

Inventory:

Hand Weapons
 a - a +0 rapier (weapon)
Armour
 b - a +0 scale mail (worn)
 c - a +0 buckler (worn)
Wands
 d - a wand of paralysis (6)
Scrolls
 e - a scroll of amnesia {unknown}
 f - 2 scrolls of blinking {unknown}
 g - a scroll of noise {unknown}
 i - a scroll of enchant weapon {unknown}
 j - a scroll of vulnerability {unknown}
 k - 3 scrolls of identify {unknown}
 m - a scroll of immolation {unknown}
Potions
 h - a potion of degeneration {unknown}
 l - a potion of lignification {unknown}


   Skills:
 + Level 5.8 Fighting
 + Level 5.4 Short Blades
 - Level 2.4 Armour
 - Level 2.6 Shields


You had 6 spell levels left.
You didn't know any spells.
Your spell library was empty.

Dungeon Overview and Level Annotations

Branches:
Dungeon (5/15)
 Temple: D:4-7

Altars:

Shops:
D:3 (


Innate Abilities, Weirdness & Mutations

You have extremely sharp teeth.
Your natural rate of healing is unusually fast.
When hurt, damage is shared between your health and your magic reserves.
Your bite disrupts and absorbs the magic of your enemies.
Potions cannot restore your health.


Message History

You kill the quokka!
You feel sick. The scorpion completely misses you. The scorpion stings you!
You are more poisoned.
The scorpion poisons you!
You closely miss the scorpion.
You feel very sick.
The scorpion stings you but does no damage.
You are too injured to fight recklessly!
You hit the scorpion. You bite the scorpion! You drain its power.
You feel invigorated.
The scorpion is heavily wounded.
You feel very sick. The scorpion stings you.
You hit the scorpion but do no damage. You bite the scorpion.
You drain its power.
The scorpion is heavily wounded.
You feel very sick. The scorpion completely misses you.
You hit the scorpion.
The scorpion is severely wounded.
You feel very sick. The scorpion stings you.
You are more poisoned.
The scorpion poisons you! The scorpion stings you!
* * * LOW HITPOINT WARNING * * *
You hit the scorpion.
You bite the scorpion, but do no damage.
The scorpion is almost dead.
* * * LOW HITPOINT WARNING * * *
You feel very sick. The scorpion closely misses you.
You closely miss the scorpion.
The scorpion is almost dead.
* * * LOW HITPOINT WARNING * * *
You feel very sick. The scorpion stings you.
* * * LOW HITPOINT WARNING * * *
You hit the scorpion but do no damage. Your bite misses the scorpion.
The scorpion is almost dead.
You die...

### #<#
#.#
########.#
.......@.#
......†s.#
.........#
.........#
.........#
.........#
###.####..
#⌠ ##


You could see a scorpion.

Vanquished Creatures
  A steam dragon (D:4)
  2 black bears (D:4)
  A scorpion (D:3)
  3 hounds
  A gnoll shaman (D:3)
  An orc wizard (D:3)
  A hound skeleton (D:4)
  4 gnolls
  4 adders
  4 dart slugs
  A worm (D:3)
  8 orcs
  7 bats
  2 endoplasms
  3 giant cockroaches
  4 hobgoblins
  5 kobolds
  4 quokkas
  7 ball pythons
  2 frilled lizards (D:1)
  4 goblins
  3 rats
72 creatures vanquished.

Vanquished Creatures (others)
  A gnoll (D:4)
1 creature vanquished.

Grand Total: 73 creatures vanquished

Notes
Turn   | Place    | Note
-------+----------+-------------------------------------------
     0 | D:1      | MiltankisOP the Vine Stalker Fighter began the quest for
                  | the Orb.
     0 | D:1      | Reached XP level 1. HP: 11/11 MP: 2/2
   351 | D:1      | Reached XP level 2. HP: 12/16 MP: 1/3
   518 | D:1      | Found a faded altar of an unknown god.
  1137 | D:2      | Reached XP level 3. HP: 20/20 MP: 4/4
  2018 | D:3      | Found Fotuffil's Weapon Shop.
  2050 | D:3      | Gained mutation: Your natural rate of healing is unusually
                  | fast. [Vine Stalker growth]
  2050 | D:3      | Reached XP level 4. HP: 11/25 MP: 2/5
  2100 | D:3      | Noticed a scorpion
  2109 | D:3      | Killed a scorpion
  2110 | D:3      | Reached XP level 5. HP: 29/29 MP: 6/6
  2153 | D:3      | HP: 1/29 [gnoll/+0 spear (3)]
  2394 | D:3      | Reached XP level 6. HP: 32/34 MP: 4/7
  2583 | D:4      | Noticed a steam dragon
  2600 | D:4      | Noticed a black bear
  2602 | D:4      | Killed a steam dragon
  2603 | D:4      | Reached skill level 5 in Fighting
  2614 | D:4      | Killed a black bear
  2615 | D:4      | Reached XP level 7. HP: 36/39 MP: 8/8
  2620 | D:4      | Reached skill level 5 in Short Blades
  3371 | D:5      | Entered Level 5 of the Dungeon
  3386 | D:5      | Succumbed to a scorpion's poison

Illustrated notes

Levels and vault maps discovered:
D:1:      evilmike_arrival_plus, layout_basic,
          hellmonk_ecumenical_altar_crossroads
D:2:      layout_loops_corners
D:3:      layout_basic, serial_shops, nicolae_shop_bloodbath_and_beyond
D:4:      layout_loops_ring, minivault_23, grunt_decor_fettered,
          grunt_tough_drop
D:5:      layout_basic, grunt_temple_overflow_open, xom_redecorated,
          kennysheep_small_square

Skill      XL: |  1  2  3  4  5  6  7 |
---------------+----------------------+-----
Short Blades   | 2 3 4 5 |  5.4
Fighting       | 3 4 5 |  5.8
Armour         | |  2.4
Shields        | |  2.6

Action                   |  1- 3 |  4- 6 |  7- 9 || total
-------------------------+-------+-------+-------++-------
Melee: Rapier            |    90 |   102 |    65 ||   257
       Bite              |    21 |    29 |    20 ||    70
Evoke: Wand              |       |     3 |       ||     3
  Use: Potion            |       |     2 |       ||     2
 Stab: Paralysed         |       |     6 |       ||     6
Armor: Scale mail        |    32 |    20 |    22 ||    74
Dodge: Dodged            |    49 |    31 |    27 ||   107
Block: Buckler           |    13 |    25 |    13 ||    51
